 Dungeon Crawl Stone Soup version 0.31-a0-851-g7ff8af7976 (webtiles) character file.

Game seed: 7365324007397536947

1 Flugkiller the Ruffian (level 1, 0/13 HPs)
             Began as an Octopode Shapeshifter on Oct 6, 2023.
             Slain by a bat (1 damage)
             ... on level 1 of the Dungeon.
             The game lasted 00:00:05 (25 turns).

Flugkiller the Ruffian (Octopode Shapeshifter)        Turns: 25, Time: 00:00:05

Health: 0/13       AC:  1    Str: 13    XL:     1   Next: 20%
Magic:  1/1        EV: 13    Int: 12    God:
Gold:   0          SH:  0    Dex: 11    Spells: 0/0 levels left

rFire   . .          .
                       - Unarmed
rCold   . . .        (no shield)
rNeg    . . .        (helmet currently unavailable)
rPois   .            (no amulet)
rElec   .            (no ring)
rCorr   .            (no ring)
SInv    .            (no ring)
Will    .....        (no ring)
Stlth   ++           (no ring)
HPRegen 0.22/turn    (no ring)
MPRegen 0.07/turn    (no ring)
                     (no ring)

%: no passive effects
@: beast-form
A: beast (slay +1), almost no armour, amphibious, 8 rings, camouflage 1,
gelatinous body 1, (nimble swimmer 1), tentacles
a: Begin Untransformation


You were on level 1 of the Dungeon.
You were a hulking beast.
You visited 1 branch of the dungeon, and saw 1 of its levels.

Inventory:

Talismans
 b - a beast talisman (active)
 c - a flux talisman
Scrolls
 d - a scroll of identify {unknown}
Potions
 a - a potion of lignification


   Skills:
 - Level 1.0 Fighting
 - Level 2.0 Dodging
 + Level 3.1 Unarmed Combat
 - Level 3.0 Shapeshifting


You couldn't memorise any spells.
You didn't know any spells.
Your spell library was empty.

Dungeon Overview and Level Annotations

Branches:
Dungeon (1/15) Zot: 5974

Altars:


Innate Abilities, Weirdness & Mutations

You are a hulking beast.
Your limbs bulge with bestial killing power. (Slay +1)
You cannot wear most types of armour.
You are amphibious.
You can wear up to eight rings at the same time.
Your skin changes colour to match your surroundings (Stealth+).
Your rubbery body absorbs attacks. (AC +1, EV +1)
((You are camouflaged when in or above water. (Stealth+)))
You have tentacles for arms and can constrict up to eight enemies at once.


Message History

Ran out of altars for temple! x3
Welcome, Flugkiller the Octopode Shapeshifter.
It's a long way down to the Orb of Zot, but that shouldn't be any trouble.
Press ? for a list of commands and other information.
Found a hand axe.
Found a staircase leading out of the dungeon.
Found a leather armour.
d - a scroll labelled MIMMYURYNT
Found a sling.
No target in view!
No target in view!
No target in view!
No target in view!
A quokka comes into view.
A quokka is nearby!
A quokka is nearby!
A bat, a giant cockroach and 2 endoplasms come into view.
Found 3 stones and 13 gold pieces.
Found a stone.
The bat closely misses you. The bat barely misses you.
The endoplasm quivers.
You tentacle-slap the endoplasm.
The endoplasm is almost dead.
The endoplasm quivers.
The bat misses you. The quokka bites you. The endoplasm freezes you.
You are frozen.
You tentacle-slap the endoplasm.
You kill the endoplasm!
The bat closely misses you. The quokka barely misses you.
You completely miss the endoplasm. The quokka barely misses you.
You tentacle-slap the endoplasm.
The endoplasm is lightly wounded.
The bat misses you. The endoplasm freezes you.
You are frozen.
The bat barely misses you. The quokka barely misses you.
You are too injured to fight recklessly!
You are too injured to fight recklessly!
You are too injured to fight recklessly!
You are too injured to fight recklessly!
You are too injured to fight recklessly!
You are too injured to fight recklessly!
The endoplasm attacks as it pursues you!
The endoplasm closely misses you. The quokka bites you.
* * * LOW HITPOINT WARNING * * *
The bat hits you.
* * * LOW HITPOINT WARNING * * *
The bat attacks as it pursues you! The bat barely misses you. The bat hits you.
You die...

########## ###
.........######.#####
.......B.##.....#8.8##
.....$.J.##.##.......#
...(...rbh..###......#
.........####
#..)8..## .....)...#
#......8# .........#
#......<# .........#
##......8# .(.......#
#....8..## ##########
#........# #.#......#
#....#8.8##


You could see an endoplasm, a quokka, a giant cockroach and a bat.

Vanquished Creatures
  An endoplasm (D:1)
1 creature vanquished.

Notes
Turn   | Place    | Note
-------+----------+-------------------------------------------
     0 | D:1      | Flugkiller the Octopode Shapeshifter began the quest for
                  | the Orb.
     0 | D:1      | Reached XP level 1. HP: 13/13 MP: 1/1
    25 | D:1      | Slain by a bat

Illustrated notes

Levels and vault maps discovered:
D:1:      mrwooster_arrival_statue_2, layout_rooms, minmay_pentomino_p2

Action                     || total
---------------------------++-------
  Melee: Unarmed           ||     4
 Armour: Skin              ||     4
  Dodge: Dodged            ||    11

Table legend: (Time is in decaauts)
 A = Elapsed time spent in this place.
 B = Non-inter-level travel time spent in this place.
 C = Inter-level travel time spent in this place.
 D = Time resting spent in this place.
 E = Time spent auto-exploring this place.
 F = Levels seen in this place.
 G = Mean time per level.
                   A        B        C        D        E       F      G
               +--------+--------+--------+--------+--------+-----+--------+
         Total |     24 |     24 |      0 |      0 |     12 |   1 |   24.0 |
       Dungeon |     24 |     24 |      0 |      0 |     12 |   1 |   24.0 |
               +--------+--------+--------+--------+--------+-----+--------+

Top non-repeatable levels by time:
     D:1: 24 daAuts
